 Dungeon Crawl Stone Soup version 0.32-a0-938-g40ac7a0f4d (webtiles) character file.

Game seed: 18016504395600757435

51 Dirtsage the Shooter (level 3, -1/26 HPs)
             Began as a Demonspawn Hexslinger on Apr 15, 2024.
             Slain by an adder (3 damage)
             ... on level 2 of the Dungeon.
             The game lasted 00:01:53 (1214 turns).

Dirtsage the Shooter (Demonspawn Hexslinger)        Turns: 1214, Time: 00:01:54

Health: -1/26      AC:  2    Str:  8    XL:     3   Next: 58%
Magic:  4/4        EV: 11    Int: 13    God:
Gold:   73         SH:  0    Dex: 17    Spells: 4/4 levels left

rFire   . . .        a - +1 sling
rCold   . . .        (no shield)
rNeg    . . .        c - +0 robe
rPois   .            (no helmet)
rElec   .            (no cloak)
rCorr   .            (no gloves)
SInv    .            (no boots)
Will    .....        (no amulet)
Stlth   ++           (no ring)
HPRegen 0.24/turn    (no ring)
MPRegen 0.09/turn

%: no passive effects
@: lethally poisoned (-1 -> -4)
A: hooves 1, powered by pain 1
a: no special abilities


You were on level 2 of the Dungeon.
You visited 1 branch of the dungeon, and saw 2 of its levels.

You collected 73 gold pieces.

Inventory:

Hand Weapons
 a - a +1 sling (weapon)
Armour
 c - a +0 robe (worn)
Magical Staves
 e - a staff of conjuration
Scrolls
 b - a scroll of poison
 d - a scroll of identify {unknown}
 f - 2 scrolls of amnesia {unknown}
 g - a scroll of teleportation {unknown}
 h - 2 scrolls of vulnerability {unknown}
 i - a scroll of noise {unknown}
 j - a scroll of fear {unknown}
 k - a scroll of enchant armour {unknown}
 l - 3 scrolls of immolation {unknown}
Potions
 m - a potion of enlightenment {unknown}


   Skills:
 - Level 1.0 Fighting
 + Level 3.6 Ranged Weapons
 - Level 1.7 Dodging
 - Level 1.0 Spellcasting
 - Level 3.0 Hexes
 - Level 0.8 Fire Magic


You had 4 spell levels left.
You didn't know any spells.
Your spell library contained the following spells:

 Spells                   Type           Power      Damage    Failure   Level
 Jinxbite                 Hex            16%        N/A       12%         2
 Ensorcelled Hibernation  Hex/Ice        8%         N/A       22%         2
 Sigil of Binding         Hex            8%         N/A       24%         3
 Inner Flame              Hex/Fire       5%         N/A       36%         3
 Fugue of the Fallen      Necr           0%         N/A       63%         3
 Cause Fear               Hex            4%         N/A       63%         4
 Anguish                  Hex/Necr       2%         N/A       83%         4
 Dimensional Bullseye     Hex/Tloc       2%         N/A       83%         4


Dungeon Overview and Level Annotations

Branches:
Dungeon (2/15)

Altars:


Innate Abilities, Weirdness & Mutations

You have large cloven feet.
You sometimes gain a little power by taking damage.


Message History

Aim: an adder (almost dead, 40% to hit)
You shoot a sling bullet.
The sling bullet closely misses the adder.
The sling bullet completely misses the adder.
You feel sick. The adder bites you but does no damage.
You take 2 damage, and have 12/26 hp.
Fire: a) +1 sling
Press: ? - help, Q - select action Shift-Dir - straight line, f/p - adder
Aim: an adder (almost dead, 40% to hit)
You shoot a sling bullet. The sling bullet hits the adder.
You kill the adder!
You feel sick. The adder closely misses you.
You take 1 damage, and have 11/26 hp.
Fire: a) +1 sling
Press: ? - help, Q - select action Shift-Dir - straight line, f - adder
Aim: an adder (40% to hit)
You shoot a sling bullet.
The sling bullet closely misses the adder.
You feel sick. The adder barely misses you.
You take 2 damage, and have 9/26 hp.
Fire: a) +1 sling
Press: ? - help, Q - select action Shift-Dir - straight line, f/p - adder
Aim: an adder (40% to hit)
You shoot a sling bullet. The sling bullet hits the adder.
The adder is moderately wounded.
You feel sick. The adder bites you.
* * * LOW HITPOINT WARNING * * *
The adder bites you.
* * * LOW HITPOINT WARNING * * *
You are lethally poisoned!
The adder poisons you!
You take 5 damage, and have 4/26 hp.
Fire: a) +1 sling
Press: ? - help, Q - select action Shift-Dir - straight line, f/p - adder
Aim: an adder (moderately wounded, 40% to hit)
You shoot a sling bullet.
The sling bullet completely misses the adder.
* * * LOW HITPOINT WARNING * * *
You feel sick. The adder bites you.
You die...

... ... ..
... ..###.#
.#.#.#
..#.#####
#S#.....
#@#...#####
###.#........
#..........#
##...<#.##.#
##†....#
#.......#
#.#####.# ...
.# .## ..


You could see an adder.

Vanquished Creatures
  An adder (D:2)
  2 dart slugs (D:1)
  An endoplasm (D:2)
  3 goblins (D:1)
  5 hobgoblins
  5 jackals
  A quokka (D:1)
  4 ball pythons (D:1)
  5 bats (D:1)
  3 frilled lizards (D:1)
  6 kobolds (D:1)
  2 rats (D:1)
38 creatures vanquished.

Notes
Turn   | Place    | Note
-------+----------+-------------------------------------------
     0 | D:1      | Dirtsage the Demonspawn Hexslinger began the quest for the
                  | Orb.
     0 | D:1      | Reached XP level 1. HP: 15/15 MP: 2/2
   145 | D:1      | Gained mutation: You sometimes gain a little power by
                  | taking damage. [demonic ancestry]
   145 | D:1      | Reached XP level 2. HP: 21/21 MP: 3/3
   359 | D:1      | Found a faded altar of an unknown god.
   721 | D:1      | Gained mutation: You have large cloven feet. [demonic
                  | ancestry]
   721 | D:1      | Reached XP level 3. HP: 25/26 MP: 4/4
  1098 | D:2      | HP: 1/26 [jackal (2)]
  1214 | D:2      | Slain by an adder

Illustrated notes

Levels and vault maps discovered:
D:1:      evilmike_arrival_crescent, layout_loops_corners,
          shapermc_ecumenical_altar_mp_vishouse
D:2:      cheibrodos_greedy_goblins, layout_basic

Skill      XL: |  1  2 |
---------------+-------+-----
Ranged Weapons | 2 3 |  3.6
Fighting       | |  1.0
Dodging        | |  1.7
Spellcasting   | |  1.0
Hexes          | |  3.0
Fire Magic     | |  0.8

Action                     || total
---------------------------++-------
   Fire: Sling             ||   126
 Armour: Robe              ||    48
  Dodge: Dodged            ||    46

Table legend: (Time is in decaauts)
 A = Elapsed time spent in this place.
 B = Non-inter-level travel time spent in this place.
 C = Inter-level travel time spent in this place.
 D = Time resting spent in this place.
 E = Time spent auto-exploring this place.
 F = Levels seen in this place.
 G = Mean time per level.
                   A        B        C        D        E       F      G
               +--------+--------+--------+--------+--------+-----+--------+
         Total |   1246 |   1210 |     36 |      0 |   1004 |   2 |  623.0 |
       Dungeon |   1246 |   1210 |     36 |      0 |   1004 |   2 |  623.0 |
               +--------+--------+--------+--------+--------+-----+--------+

Top non-repeatable levels by time:
     D:1: 1104 daAuts
     D:2: 142 daAuts
